AoeStats
← CultKaos

Four Lakes

510220619Analyzed
1v1 RM · 2d ago on Sep 30, 2026· 41m 6s· 2 players
Game mode
Random Map
Map size
Tiny (2 player)
Population
200
Speed
Normal
Resources
Standard
Victory
Conquest
Starting age
Dark Age
Ending age
Imperial Age
RankedLock teamsTeams togetherTeam positionsShared explorationLock speedFull tech treeHidden civsTurbo modeCheats
Victory
Defeat
🇳🇴 Lithuanians · Norway
1283
+14
🇧🇷 Mongols · Brazil
1234
-14
gogo
7:03 Loom
9:09 Feudal Age
12:36 Double-Bit Axe
20:35 Castle Age
23:18 Gold Mining
24:21 Bow Saw
25:25 Forging
25:21 Scale Barding Armor
26:13 Scale Barding Armor
26:31 Horse Collar
27:04 Husbandry
28:11 Crossbowman
29:55 Chain Barding Armor
30:32 Fletching
31:09 Bodkin Arrow
32:10 Padded Archer Armor
33:51 Leather Archer Armor
CultKaos
11:36 Feudal Age
9:54 Loom
16:22 Castle Age
14:37 Forging
14:33 Scale Barding Armor
16:33 Bloodlines
16:18 Fletching
19:30 Chain Barding Armor
19:10 Horse Collar
19:34 Fishing Lines
19:45 Double-Bit Axe
22:34 Fishing Lines
23:09 Pikeman
24:13 Scale Mail Armor
27:14 Chain Mail Armor
27:21 Bow Saw
32:27 Gold Mining
32:27 Stone Mining
32:46 Heavy Plow
33:23 Wheelbarrow
32:33 Town Watch
35:43 Iron Casting
35:06 Bodkin Arrow
36:02 Hand Cart
40:00 Stone Shaft Mining
41:00 Husbandry
41:05 Padded Archer Armor
Connection lost

Rejoining the realm…

Still unreachable

The connection could not be restored.

Session expired

The server has moved on; the page needs a fresh start.